[Event "ICC tourney 1904 (10 3)"]
[Site "Internet Chess Club"]
[Date "2020.07.05"]
[Round "5"]
[White "Xqpnc28"]
[Black "ivo20"]
[Result "1-0"]
[ICCResult "Black resigns"]
[WhiteElo "1189"]
[BlackElo "1205"]
[Opening "Ruy Lopez: Cozio defense"]
[ECO "C60"]
[NIC "RL.04"]
[Time "14:25:09"]
[TimeControl "600+3"]

1. e4 e5 2. Nf3 Nc6 3. Bb5 Nge7 4. O-O a6 5. Ba4 g6 6. c3 Bg7 7. d4 exd4 8.
cxd4 O-O 9. Nc3 d6 10. Bg5 f6 11. Be3 Bd7 12. Qd2 Na7 13. Bb3+ d5 14. Nxd5
Nxd5 15. Bxd5+ Kh8 16. Bxb7 Rb8 17. Bxa6 Bb5 18. Bxb5 Nxb5 19. a4 Nd6 20.
Qc2 Re8 21. e5 fxe5 22. dxe5 Bxe5 23. Nxe5 Rxe5 24. Bd4 Qe7 25. Qc3 Nf7 26.
Bxe5+ Nxe5 27. Rfe1 Re8 28. f4 Kg8 29. Rxe5 Qf7 {Black resigns} 1-0

[Event "ICC tourney 1904 (10 3)"]
[Site "Internet Chess Club"]
[Date "2020.07.05"]
[Round "5"]
[White "PhaseShift"]
[Black "Lock5"]
[Result "1-0"]
[ICCResult "Black resigns"]
[WhiteElo "1522"]
[BlackElo "1331"]
[Opening "Queen's pawn game"]
[ECO "A46"]
[NIC "QP.06"]
[Time "14:25:06"]
[TimeControl "600+3"]

1. d4 Nf6 2. Nf3 e6 3. g3 c5 4. Bg2 Nc6 5. O-O Be7 6. c4 O-O 7. dxc5 Bxc5 8.
a3 a5 9. b3 h6 10. Bb2 d5 11. cxd5 Nxd5 12. Qc2 Be7 13. Rd1 Qb6 14. Nbd2 Bf6
15. Bxf6 Nxf6 16. Nc4 Qc7 17. Nce5 Bd7 18. Nxd7 Nxd7 19. Nd4 Nde5 20. Nxc6
bxc6 21. Rac1 Rfc8 22. Qc5 Ra6 23. b4 axb4 24. axb4 Rb6 25. f4 Nd7 26. Rxd7
Qxd7 27. Qxb6 Qd2 28. Qc5 Qxe2 29. b5 Rd8 30. Qxc6 Rd1+ 31. Rxd1 Qxd1+ 32.
Bf1 Qd4+ 33. Kg2 {Black resigns} 1-0

[Event "ICC tourney 1904 (10 3)"]
[Site "Internet Chess Club"]
[Date "2020.07.05"]
[Round "5"]
[White "NamanSingh283"]
[Black "LChessMaster"]
[Result "1-0"]
[ICCResult "Black checkmated"]
[WhiteElo "1811"]
[BlackElo "1540"]
[Opening "Neo-Gr?nfeld defense"]
[ECO "D70"]
[NIC "KI.80"]
[Time "14:25:05"]
[TimeControl "600+3"]

1. c4 Nf6 2. d4 g6 3. f3 d5 4. cxd5 Nxd5 5. e4 Nb6 6. Ne2 Bg7 7. Be3 O-O 8.
Nbc3 Nc4 9. Bf2 Nxb2 10. Qc2 Nc4 11. Nf4 Nb6 12. Rd1 Nc6 13. d5 Ne5 14. Be2
a6 15. O-O Qd6 16. g3 Bh6 17. Ng2 Bh3 18. f4 Ng4 19. e5 Qd7 20. Bc5 Rfd8 21.
Bf3 f6 22. d6 exd6 23. Bxb6 cxb6 24. Nd5 Kh8 25. Nxb6 Qb5 26. Nxa8 Bxg2 27.
Bxg2 Ne3 28. Qc7 Rxa8 29. Rxd6 Nxf1 30. Rd8+ Rxd8 31. Qxd8+ Kg7 32. exf6+
Kf7 33. Qe7+ Kg8 34. f7+ Kh8 35. f8=Q+ Bxf8 36. Qxf8# {Black checkmated} 1-0

[Event "ICC tourney 1904 (10 3)"]
[Site "Internet Chess Club"]
[Date "2020.07.05"]
[Round "5"]
[White "babu12020"]
[Black "xiaow"]
[Result "1-0"]
[ICCResult "Black resigns"]
[WhiteElo "1361"]
[BlackElo "1380"]
[Opening "Queen's pawn, Mason variation"]
[ECO "D00"]
[NIC "QP.08"]
[Time "14:25:33"]
[TimeControl "600+3"]

1. d4 d5 2. Bf4 e6 3. Nf3 Nf6 4. e3 h6 5. c4 c6 6. Nc3 Bd6 7. Bg3 O-O 8. Be2
Bxg3 9. hxg3 Nbd7 10. Qc2 b6 11. O-O-O Bb7 12. Ne5 Qe7 13. g4 c5 14. f4 dxc4
15. g5 Nd5 16. Nxd5 Bxd5 17. Nxd7 Qxd7 18. gxh6 g6 19. dxc5 Rfc8 20. e4 Rxc5
21. exd5 exd5 22. Qc3 f6 23. Qxf6 Kh7 24. Bg4 Qc7 25. Rde1 {Black resigns}
1-0

[Event "ICC tourney 1904 (10 3)"]
[Site "Internet Chess Club"]
[Date "2020.07.05"]
[Round "5"]
[White "harrislencz"]
[Black "ChessMonkey123"]
[Result "1-0"]
[ICCResult "Black checkmated"]
[WhiteElo "1354"]
[BlackElo "1362"]
[Opening "Ruy Lopez: Cozio defense"]
[ECO "C60"]
[NIC "RL.04"]
[Time "14:25:25"]
[TimeControl "600+3"]

1. e4 e5 2. Nf3 Nc6 3. Bb5 Nge7 4. O-O g6 5. d3 a6 6. Ba4 Bg7 7. c3 O-O 8.
Nbd2 d6 9. Re1 Bg4 10. h3 Bxf3 11. Qxf3 f5 12. Bb3+ Kh8 13. Qe2 f4 14. Nf3
Ng8 15. Bd2 g5 16. Nh2 Nf6 17. Ng4 h6 18. Qf3 Qe8 19. Re2 h5 20. Nxf6 Bxf6
21. g4 fxg3 22. Qxg3 Qe7 23. Be3 g4 24. hxg4 hxg4 25. Kg2 Nd8 26. Rh1+ Kg7
27. Qxg4+ Bg5 28. Bxg5 Qe8 29. Bh6+ Kf6 30. Qg7# {Black checkmated} 1-0

[Event "ICC tourney 1904 (10 3)"]
[Site "Internet Chess Club"]
[Date "2020.07.05"]
[Round "5"]
[White "Jeffchess"]
[Black "TheOrcaPro"]
[Result "1-0"]
[ICCResult "Black resigns"]
[WhiteElo "1345"]
[BlackElo "1460"]
[Opening "French defense"]
[ECO "C00"]
[NIC "FR.01"]
[Time "14:25:07"]
[TimeControl "600+3"]

1. e4 e6 2. Nf3 d5 3. exd5 exd5 4. Bb5+ Bd7 5. Bxd7+ Qxd7 6. O-O c5 7. Re1+
Be7 8. Ne5 Qd6 9. Qf3 Nf6 10. Nc3 O-O 11. d3 Re8 12. Bf4 Qd8 13. Ng4 d4 14.
Nb5 Nxg4 15. Qxg4 Na6 16. Be5 Bf6 17. f4 Bxe5 18. fxe5 Nc7 19. Nd6 Re6 20.
Nxb7 Qd5 21. Nd6 Rxe5 22. Ne4 Re6 23. Rf1 Qc6 24. Ng5 Rg6 25. h4 h6 26. Rxf7
hxg5 27. h5 Kxf7 28. hxg6+ Qxg6 29. Qd7+ Kg8 30. Qxc7 Qf5 31. Rf1 Qe6 32.
Qxc5 Qe3+ 33. Kh2 Qf4+ 34. Rxf4 gxf4 35. Qd5+ {Black resigns} 1-0

[Event "ICC tourney 1904 (10 3)"]
[Site "Internet Chess Club"]
[Date "2020.07.05"]
[Round "5"]
[White "Ben2008"]
[Black "wildrumpus"]
[Result "1-0"]
[ICCResult "Black resigns"]
[WhiteElo "1300"]
[BlackElo "1304"]
[Opening "Caro-Kann: advance variation"]
[ECO "B12"]
[NIC "CK.04"]
[Time "14:25:34"]
[TimeControl "600+3"]

1. e4 c6 2. d4 d5 3. e5 Bf5 4. h4 h5 5. Bd3 Bxd3 6. Qxd3 e6 7. Nf3 Nd7 8.
Nc3 Qc7 9. O-O O-O-O 10. a4 Nb6 11. Bg5 f6 12. Bf4 Ne7 13. b3 Nd7 14. Bh2 f5
15. Ng5 Rh6 16. Nf7 Re8 17. Nxh6 gxh6 18. Qf3 Qb6 19. Qxh5 Kd8 20. Rfd1 Qb4
21. Ne2 Ng8 22. Rab1 Qe7 23. c4 Qh7 24. cxd5 exd5 25. b4 Ndf6 26. exf6 Nxf6
27. Qf3 Ne4 28. b5 Re6 29. bxc6 Rxc6 30. Qb3 b6 31. Qxd5+ Rd6 32. Bxd6 Bxd6
33. f3 Ke7 34. fxe4 fxe4 35. Qb7+ {Black resigns} 1-0

[Event "ICC tourney 1904 (10 3)"]
[Site "Internet Chess Club"]
[Date "2020.07.05"]
[Round "5"]
[White "squaling"]
[Black "DrKnight01"]
[Result "0-1"]
[ICCResult "White checkmated"]
[WhiteElo "1060"]
[BlackElo "1271"]
[Opening "Ruy Lopez: Anderssen variation"]
[ECO "C77"]
[NIC "RL.12"]
[Time "14:25:28"]
[TimeControl "600+3"]

1. e4 e5 2. Nf3 Nc6 3. Bb5 a6 4. Ba4 Nf6 5. d3 Bc5 6. Bxc6 bxc6 7. Nxe5 Qe7
8. Nf3 Ng4 9. O-O Nxf2 10. Rxf2 Bxf2+ 11. Kxf2 O-O 12. Bg5 Qb4 13. b3 d5 14.
exd5 cxd5 15. Qe1 Qb6+ 16. Qe3 Qc6 17. Nd4 Qg6 18. Nc3 Bb7 19. Nf3 Rfe8 20.
Qd4 h6 21. Bh4 Re6 22. Nxd5 Bxd5 23. Qxd5 Rae8 24. Nd4 Re5 25. Qf3 c5 26.
Ne2 Rxe2+ 27. Qxe2 Rxe2+ 28. Kxe2 Qg4+ 29. Kd2 Qxh4 30. Re1 Qxh2 31. Re8+
Kh7 32. Rc8 Qxg2+ 33. Kc3 f5 34. Rxc5 f4 35. d4 f3 36. Rf5 f2 37. d5 f1=Q
38. Rxf1 Qxf1 39. d6 Qf8 40. d7 Qd8 41. b4 Qxd7 42. b5 axb5 43. Kb3 g5 44.
Ka3 g4 45. c4 bxc4 46. Kb4 g3 47. Ka5 g2 48. a4 g1=Q 49. Kb4 Qb1+ 50. Ka5
Qd5+ 51. Ka6 Qg6+ 52. Ka7 Qd7+ 53. Ka8 Qge8# {White checkmated} 0-1

[Event "ICC tourney 1904 (10 3)"]
[Site "Internet Chess Club"]
[Date "2020.07.05"]
[Round "5"]
[White "Knightboy123"]
[Black "oxdidi"]
[Result "1-0"]
[ICCResult "Black forfeits on time"]
[WhiteElo "1284"]
[BlackElo "1101"]
[Opening "Ruy Lopez: Archangelsk (counterthrust) variation"]
[ECO "C78"]
[NIC "RL.12"]
[Time "14:26:00"]
[TimeControl "600+3"]

1. e4 e5 2. Nf3 Nc6 3. Bb5 a6 4. Ba4 Nf6 5. O-O b5 6. Bb3 Bb7 7. c3 Bc5 8.
Re1 Ba7 9. d3 O-O 10. Bg5 h6 11. Bh4 Ne7 12. Nxe5 d6 13. Bxf6 gxf6 14. Qg4+
Kh7 15. Nxf7 Rg8 16. Nxd8 Rg5 17. Qe6 Rg7 18. Nxb7 Rb8 19. Na5 Rbg8 20. g3
h5 21. Qxf6 Rf8 22. Qxf8 {Black forfeits on time} 1-0

[Event "ICC tourney 1904 (10 3)"]
[Site "Internet Chess Club"]
[Date "2020.07.05"]
[Round "5"]
[White "andrewhzhang"]
[Black "hackerguru"]
[Result "1/2-1/2"]
[ICCResult "Game drawn by repetition"]
[WhiteElo "1586"]
[BlackElo "1415"]
[Opening "Sicilian: Labourdonnais-L?wenthal (Kalashnikov) variation"]
[ECO "B32"]
[NIC "SI.32"]
[Time "14:25:38"]
[TimeControl "600+3"]

1. e4 c5 2. Nf3 Nc6 3. d4 cxd4 4. Nxd4 e5 5. Nb5 d6 6. N1c3 a6 7. Na3 Be7 8.
Be3 Nf6 9. Nd5 Nxd5 10. exd5 Nb8 11. Nc4 Nd7 12. Be2 O-O 13. a4 f5 14. f3 f4
15. Bf2 Nf6 16. Qd2 Bf5 17. Nb6 Rb8 18. a5 g5 19. O-O-O Nd7 20. Bd3 Nxb6 21.
Bxb6 Qd7 22. Bxf5 Qxf5 23. Kb1 Rfc8 24. Rhg1 Kf7 25. g3 Rg8 26. gxf4 gxf4
27. Qf2 Qh3 28. c4 Bh4 29. Qe2 Qf5+ 30. Ka2 Rxg1 31. Rxg1 Bd8 32. Qg2 Qg6
33. Qf2 Qf6 34. c5 Rc8 35. Qg2 Bxb6 36. cxb6 Qg6 37. Qf1 Qc2 38. Qh3 Qa4+
39. Kb1 Qc2+ 40. Ka1 Qa4+ 41. Kb1 Qc2+ 42. Ka2 Qa4+ 43. Kb1
{Game drawn by repetition}
1/2-1/2

[Event "ICC tourney 1904 (10 3)"]
[Site "Internet Chess Club"]
[Date "2020.07.05"]
[Round "5"]
[White "Benranger2011"]
[Black "gardemarin13"]
[Result "0-1"]
[ICCResult "White resigns"]
[WhiteElo "1449"]
[BlackElo "1741"]
[Opening "Bogo-Indian defense, Nimzovich variation"]
[ECO "E11"]
[NIC "QI.01"]
[Time "14:25:27"]
[TimeControl "600+3"]

1. d4 Nf6 2. c4 e6 3. Nf3 Bb4+ 4. Bd2 Qe7 5. Nc3 Bxc3 6. Bxc3 Ne4 7. e3 Nxc3
8. bxc3 O-O 9. d5 d6 10. dxe6 fxe6 11. Bd3 e5 12. Nd2 Qg5 13. O-O Bg4 14.
Qb1 Nd7 15. Ne4 Qe7 16. Qb6 axb6 17. g3 Bf3 18. Rfc1 Nc5 19. Nxc5 bxc5 20.
Rc2 Ra3 21. Rd2 e4 22. Bf1 Rfa8 23. Be2 Qe6 24. Bf1 Qe5 25. Rc2 Rxc3 26. Rb2
b6 27. Rbb1 Rc2 28. a4 Qc3 29. Re1 Qd2 30. Be2 Bxe2 {White resigns} 0-1

[Event "ICC tourney 1904 (10 3)"]
[Site "Internet Chess Club"]
[Date "2020.07.05"]
[Round "5"]
[White "imranchamp"]
[Black "clair"]
[Result "1/2-1/2"]
[ICCResult "Game drawn by mutual agreement"]
[WhiteElo "1298"]
[BlackElo "1303"]
[Opening "Robatsch (modern) defense"]
[ECO "B06"]
[NIC "KF.05"]
[Time "14:25:18"]
[TimeControl "600+3"]

1. e4 g6 2. d4 Bg7 3. Nf3 e6 4. Nc3 Ne7 5. Bc4 d5 6. exd5 exd5 7. Bb3 c6 8.
O-O O-O 9. Re1 h6 10. Bf4 Nf5 11. Ne2 Nd7 12. Ng3 Nxg3 13. Bxg3 Nf6 14. c4
dxc4 15. Bxc4 Bg4 16. h3 Bh5 17. Qb3 Bxf3 18. Qxf3 Qxd4 19. Bb3 Nd5 20. Bd6
Rfe8 21. Rxe8+ Rxe8 22. Rd1 Qxb2 23. Bxd5 cxd5 24. Qxd5 Re2 25. Bc5 Qxa2 26.
Qxb7 Rd2 27. Rxd2 Qxd2 28. Qxa7 Qe1+ 29. Kh2 Be5+ 30. g3 Qe2 31. Bd4 h5 32.
Bxe5 Qxe5 33. Qe3 Qd6 34. Kg2 Qc6+ 35. Qf3 Qe6 36. Qa8+ Kg7 37. Qa1+ Kh7 38.
Qd4 Qf5 39. Qe3 Qd5+ 40. Qf3 {Game drawn by mutual agreement} 1/2-1/2

[Event "ICC tourney 1904 (10 3)"]
[Site "Internet Chess Club"]
[Date "2020.07.05"]
[Round "5"]
[White "DankMemer"]
[Black "SamLightning"]
[Result "0-1"]
[ICCResult "White resigns"]
[WhiteElo "1157"]
[BlackElo "1289"]
[Opening "Queen's bishop game"]
[ECO "A45"]
[NIC "QP.07"]
[Time "14:25:53"]
[TimeControl "600+3"]

1. d4 Nf6 2. Bf4 d5 3. Nf3 Bf5 4. e3 e6 5. c4 c6 6. Be2 Be7 7. O-O O-O 8. h3
h6 9. Qb3 Qc8 10. Nbd2 Nbd7 11. Rac1 Bd8 12. Ne5 Nxe5 13. Bxe5 Nd7 14. Bg3
Bc7 15. Bxc7 Qxc7 16. Bf3 Nb6 17. e4 dxe4 18. Bxe4 Bxe4 19. Nxe4 Qf4 20.
Rfe1 f5 21. g3 Qc7 22. Nc5 Rf6 23. Nxe6 Qd7 24. c5 Nd5 25. Qf3 Rxe6
{White resigns}
0-1

[Event "ICC tourney 1904 (10 3)"]
[Site "Internet Chess Club"]
[Date "2020.07.05"]
[Round "5"]
[White "Oliver0731"]
[Black "messyblaster"]
[Result "0-1"]
[ICCResult "White resigns"]
[WhiteElo "1289"]
[BlackElo "1366"]
[Opening "Scandinavian: Pytel-Wade variation"]
[ECO "B01"]
[NIC "SD.02"]
[Time "14:28:32"]
[TimeControl "600+3"]

1. e4 d5 2. exd5 Qxd5 3. Nc3 Qd6 4. d4 Nf6 5. g3 c6 6. Bf4 Qb4 7. Rb1 Nd5 8.
Bd2 Qxd4 9. Nf3 Nxc3 10. Bxc3 Qxd1+ 11. Rxd1 Bg4 12. Ne5 Bxd1 13. Kxd1 Nd7
14. Nxd7 Kxd7 15. Bh3+ e6 16. Re1 Rg8 17. Ke2 Rd8 18. f4 Bc5 19. Rd1+ Kc8
20. Rf1 g6 21. Bf6 Rd7 22. a3 Be7 23. Be5 Rgd8 24. Bc3 f5 25. Bg2 Bc5 26. b4
Bd4 27. Bxd4 Rxd4 28. Rg1 Rd2+ 29. Kf3 Rxc2 30. Bf1 Rc3+ 31. Kf2 Rd2+ 32.
Ke1 {White resigns} 0-1

[Event "ICC tourney 1904 (10 3)"]
[Site "Internet Chess Club"]
[Date "2020.07.05"]
[Round "5"]
[White "JGroder"]
[Black "Zwish"]
[Result "1-0"]
[ICCResult "Black forfeits on time"]
[WhiteElo "1473"]
[BlackElo "1106"]
[Opening "Sicilian: Kan, Mar?czy bind (R?ti variation)"]
[ECO "B40"]
[NIC "SI.43"]
[Time "14:25:17"]
[TimeControl "600+3"]

1. e4 c5 2. Nf3 e6 3. c4 a6 4. d4 cxd4 5. Nxd4 Qc7 6. Nc3 Nf6 7. Be3 d6 8.
Be2 Nbd7 9. Qd2 b6 10. O-O-O Bb7 11. f3 Rc8 12. Kb1 Ne5 13. b3 b5 14. Ncxb5
axb5 15. Nxb5 Qd7 16. Nxd6+ Bxd6 17. Qxd6 Qxd6 18. Rxd6 Ke7 19. Rhd1 Nd5 20.
R6xd5 exd5 21. cxd5 Kd6 22. f4 Ng6 23. e5+ Kc7 24. d6+ Kb8 25. g3 Be4+ 26.
Ka1 Rc2 27. Bc4 Kb7 28. Bxf7 Ra8 29. a4 Re2 30. Bd4 Kc6 31. Bc4 Rxh2 32.
Bb5+ Kd5 33. Bg1+ Ke6 34. Bxh2 Nf8 35. Rc1 Ra7 36. g4 g6 37. Bg1 Rg7 38. Bb6
Nd7 39. Bc4+ Bd5 40. Bxd5+ Kxd5 41. Be3 Ke6 42. Rc7 h5 43. f5+ gxf5 44.
gxf5+ Kxe5 45. a5 Kxd6 46. Rc4 Ne5 47. Bf4 Kd5 48. Bxe5 Kxe5 49. Rc5+ Kf6
50. b4 h4 51. Kb2 h3 52. Rc1 Rg2+ 53. Kb3 h2 54. Rh1 Kxf5 55. b5 Ke6 56. Kb4
Rb2+ 57. Kc5 Kd7 58. Kb6 Kc8 59. Ka6 Kb8 60. b6 Ka8 61. Rf1
{Black forfeits on time}
1-0

[Event "ICC tourney 1904 (10 3)"]
[Site "Internet Chess Club"]
[Date "2020.07.05"]
[Round "5"]
[White "capetarget"]
[Black "DEEEFENDER"]
[Result "1-0"]
[ICCResult "Black resigns"]
[WhiteElo "1485"]
[BlackElo "1162"]
[Opening "Caro-Kann: classical variation"]
[ECO "B18"]
[NIC "CK.10"]
[Time "14:25:27"]
[TimeControl "600+3"]

1. e4 c6 2. d4 d5 3. Nd2 dxe4 4. Nxe4 Bf5 5. Ng3 Bg6 6. Nf3 Nf6 7. Bd3 Bxd3
8. Qxd3 e6 9. O-O Bd6 10. Re1 O-O 11. Ng5 h6 12. N5e4 Nxe4 13. Nxe4 Bc7 14.
c3 Nd7 15. Qf3 Nb6 16. Qh5 Qd5 17. Qh4 f5 18. Nc5 Rf6 19. Be3 Raf8 20. f3
Rg6 21. Kh1 Bd8 22. Qh5 Rgf6 23. b3 f4 24. Qxd5 exd5 25. Bf2 R6f7 26. Re2 g5
27. Rae1 Bf6 28. Ne6 Rb8 29. Nc5 Nc8 30. Re8+ Kg7 31. Ne6+ Kg6 32. g3 Re7
33. Rxe7 Nxe7 34. gxf4 Rg8 35. fxg5 hxg5 36. Nc5 b6 37. Nd7 Nf5 38. Re6 Rf8
39. Nxf8+ Kf7 40. Rxc6 Kxf8 41. Rxf6+ {Black resigns} 1-0

[Event "ICC tourney 1904 (10 3)"]
[Site "Internet Chess Club"]
[Date "2020.07.05"]
[Round "5"]
[White "SuperBlueSky"]
[Black "Chessmasterrus"]
[Result "0-1"]
[ICCResult "White checkmated"]
[WhiteElo "1295"]
[BlackElo "1488"]
[Opening "QGD Slav: 4.Nc3"]
[ECO "D15"]
[NIC "SL.03"]
[Time "14:25:07"]
[TimeControl "600+3"]

1. d4 c6 2. c4 d5 3. Nf3 Nf6 4. Nc3 Bf5 5. Bg5 h6 6. Bxf6 exf6 7. cxd5 cxd5
8. Qb3 Nd7 9. Qxd5 Be6 10. Qb5 a6 11. Qa4 Bd6 12. e4 b5 13. Qc2 O-O 14. h3
Re8 15. d5 Bf5 16. Bd3 b4 17. Ne2 Rc8 18. Qb1 Bg6 19. O-O Nc5 20. Ned4 Nxd3
21. Qxd3 Bxe4 22. Qxa6 Bxd5 23. Rfd1 Bc4 24. Qa4 Qb6 25. Nf5 Bc5 26. Rd2 Be6
27. N5d4 Bd5 28. Rad1 Ra8 29. Qd7 Red8 30. Qf5 g6 31. Qxf6 Qxf6 32. Nb3 Bxb3
33. axb3 Rxd2 34. Rxd2 Ra1+ 35. Kh2 Bd6+ 36. g3 g5 37. Kg2 h5 38. Rd5 g4 39.
hxg4 hxg4 40. Rg5+ Kf8 41. Rxg4 Qxb2 42. Nh4 Ra2 43. Kh3 Qxf2 44. Rg5 Be7
45. Kg4 Bxg5 46. Kxg5 Qxg3+ 47. Kh5 Rh2 48. Kh6 Rxh4# {White checkmated} 0-1

[Event "ICC tourney 1904 (10 3)"]
[Site "Internet Chess Club"]
[Date "2020.07.05"]
[Round "5"]
[White "saisneha"]
[Black "IndianTerritory"]
[Result "0-1"]
[ICCResult "White resigns"]
[WhiteElo "1427"]
[BlackElo "1662"]
[Opening "QGD Slav: exchange variation, 6.Bf4 Bf5"]
[ECO "D14"]
[NIC "SL.01"]
[Time "14:25:07"]
[TimeControl "600+3"]

1. d4 c6 2. c4 d5 3. cxd5 cxd5 4. Bf4 Nc6 5. Nc3 Nf6 6. Nf3 Bf5 7. e3 e6 8.
Bd3 Bxd3 9. Qxd3 Bb4 10. O-O O-O 11. Rac1 Rc8 12. a3 Be7 13. Rfe1 Nh5 14.
Bg3 Nxg3 15. hxg3 Qb6 16. Na4 Qc7 17. b4 Qd8 18. Nc5 b6 19. Na4 Qd6 20. e4
dxe4 21. Qxe4 Bf6 22. Red1 Rfd8 23. Nb2 Ne7 24. Nc4 Qd7 25. Nfe5 Bxe5 26.
Nxe5 Qa4 27. Qf4 f6 28. Nf3 Qxa3 29. Rxc8 Rxc8 30. Qd6 Kf7 31. Re1 Qb3 32.
Qf4 Qxb4 33. Qe4 Qb3 34. Re3 Rc1+ 35. Kh2 Qa2 36. Re2 Qc4 37. Nd2 Qd5 38.
Qxh7 Nc6 39. Nf3 Nxd4 40. Nxd4 Qxd4 41. Qh5+ Ke7 42. Qg6 Qd1 43. Qxg7+ Kd6
44. Qf8+ Kc7 45. Qe7+ Kb8 46. Qe8+ Rc8 47. Qxe6 Rh8+ {White resigns} 0-1

[Event "ICC tourney 1904 (10 3)"]
[Site "Internet Chess Club"]
[Date "2020.07.05"]
[Round "5"]
[White "mrneale"]
[Black "Grinch81"]
[Result "0-1"]
[ICCResult "White resigns"]
[WhiteElo "1338"]
[BlackElo "1223"]
[Opening "Queen's pawn game"]
[ECO "A46"]
[NIC "QP.05"]
[Time "14:26:00"]
[TimeControl "600+3"]

1. d4 Nf6 2. Nf3 e6 3. Bf4 d5 4. e3 Be7 5. Bd3 O-O 6. h3 b6 7. Nbd2 Ba6 8.
Bxa6 Nxa6 9. c3 c5 10. O-O Qc8 11. Rc1 Qb7 12. a3 Rac8 13. b4 cxb4 14. cxb4
Nc7 15. Bxc7 Rxc7 16. Rxc7 Qxc7 17. Qc1 Rc8 18. Nb3 Qd7 19. Qb2 Ne4 20. Rc1
Bd6 21. Rxc8+ Qxc8 22. Qc1 Qxc1+ 23. Nxc1 Nc3 24. Nd2 Kf8 25. Kf1 Ke7 26.
Nd3 Kd7 27. Ke1 Kc6 28. Nb2 Kb5 29. Nd1 Nxd1 30. Kxd1 Ka4 31. Nb1 Kb3 32.
Kc1 a5 33. bxa5 bxa5 34. f3 Bxa3+ 35. Nxa3 Kxa3 36. Kc2 Kb4 37. e4 Kc4 38.
exd5 exd5 39. f4 Kxd4 40. f5 Ke4 41. g4 a4 42. h4 d4 {White resigns} 0-1

[Event "ICC tourney 1904 (10 3)"]
[Site "Internet Chess Club"]
[Date "2020.07.05"]
[Round "5"]
[White "HenriVZ"]
[Black "edgei33"]
[Result "1-0"]
[ICCResult "Black resigns"]
[WhiteElo "1442"]
[BlackElo "1371"]
[Opening "Pirc: Austrian attack, 6.Bd3"]
[ECO "B06"]
[NIC "PU.02"]
[Time "14:26:00"]
[TimeControl "600+3"]

1. e4 g6 2. d4 Bg7 3. Nc3 d6 4. f4 Nf6 5. Nf3 O-O 6. Bd3 Nc6 7. a3 Bg4 8.
Be3 e5 9. d5 exf4 10. Bxf4 Ne5 11. Bxe5 dxe5 12. h3 Bxf3 13. Qxf3 Bh6 14. g4
Nd7 15. h4 Nc5 16. g5 Nxd3+ 17. Qxd3 Bg7 18. O-O-O a6 19. Rdg1 h5 20. gxh6
Bxh6+ 21. Kb1 Kh7 22. Qf3 Qe7 23. Ne2 c6 24. dxc6 bxc6 25. Ng3 Rfb8 26. h5
g5 27. Nf5 Qe6 28. Nxh6 Kxh6 29. Rf1 Rf8 30. Qf6+ Kh7 31. Qxg5 Rg8 32. Qf6
{Black resigns}
1-0

[Event "ICC tourney 1904 (10 3)"]
[Site "Internet Chess Club"]
[Date "2020.07.05"]
[Round "5"]
[White "ullchen"]
[Black "Harbingerman"]
[Result "1-0"]
[ICCResult "Black resigns"]
[WhiteElo "1462"]
[BlackElo "950"]
[Opening "Sicilian"]
[ECO "B50"]
[NIC "SI.01"]
[Time "14:25:10"]
[TimeControl "600+3"]

1. e4 c5 2. Nf3 d6 3. c3 Bg4 4. Be2 a6 5. d4 Nd7 6. O-O Ngf6 7. e5 dxe5 8.
Nxe5 Bxe2 9. Qxe2 cxd4 10. cxd4 Nxe5 11. dxe5 Nd5 12. e6 fxe6 13. Rd1 Qb6
14. Qh5+ g6 15. Qe5 Rg8 16. Nc3 Rd8 17. Na4 Qa5 18. Nc3 Bg7 19. Qxe6 Nxc3
20. Qxg8+ Bf8 21. Rxd8+ Qxd8 22. Bh6 Kd7 23. bxc3 Bxh6 24. Rd1+ {Black
resigns} 1-0

[Event "ICC tourney 1904 (10 3)"]
[Site "Internet Chess Club"]
[Date "2020.07.05"]
[Round "5"]
[White "poohfur"]
[Black "Viking21"]
[Result "0-1"]
[ICCResult "White resigns"]
[WhiteElo "1282"]
[BlackElo "1504"]
[Opening "Alekhine's defense"]
[ECO "B03"]
[NIC "AL.09"]
[Time "14:25:41"]
[TimeControl "600+3"]

1. e4 Nf6 2. e5 Nd5 3. d4 d6 4. c4 Nb6 5. Nf3 g6 6. Nc3 Bg7 7. Bf4 O-O 8.
Be2 dxe5 9. Bxe5 c5 10. Bxg7 Kxg7 11. O-O Nc6 12. d5 Nb4 13. a3 Na6 14. Re1
Qd6 15. Ne4 Qf4 16. g3 Qxe4 17. Bd3 Qg4 18. Rxe7 Bd7 19. Bf1 Rae8 20. Re5
Rxe5 21. Nxe5 Qe4 22. Nxd7 Nxd7 23. b3 Nc7 24. Bg2 Qe5 25. Bh3 Rd8 26. Ra2
Nf6 27. Re2 Qd6 28. Qe1 Re8 29. Rxe8 Nfxe8 30. Bc8 b6 31. Bb7 f5 32. Bc6 Nf6
33. Qe3 Ne4 34. Qf4 Qxf4 35. gxf4 Kf6 36. b4 Ke7 37. bxc5 bxc5 38. Kf1 Nd2+
39. Ke2 Nxc4 {White resigns} 0-1

[Event "ICC tourney 1904 (10 3)"]
[Site "Internet Chess Club"]
[Date "2020.07.05"]
[Round "5"]
[White "Priccchess"]
[Black "Ghostrook"]
[Result "0-1"]
[ICCResult "White resigns"]
[WhiteElo "1468"]
[BlackElo "1358"]
[Opening "French: exchange variation"]
[ECO "C01"]
[NIC "FR.01"]
[Time "14:25:26"]
[TimeControl "600+3"]

1. e4 e6 2. d4 d5 3. exd5 exd5 4. Nf3 Bf5 5. Bd3 Bxd3 6. Qxd3 Nf6 7. O-O Be7
8. Ne5 O-O 9. c3 Nbd7 10. f4 Ne4 11. Be3 f6 12. Nxd7 Qxd7 13. Nd2 f5 14. c4
c6 15. Rac1 Rae8 16. Nf3 Qe6 17. Ne5 Rd8 18. c5 Bf6 19. Rf3 Bxe5 20. fxe5 g5
21. Rff1 f4 22. Bd2 Rd7 23. b4 a6 24. a4 Rdf7 25. Rcd1 h6 26. b5 axb5 27.
axb5 Qg4 28. h3 Qg3 29. Be1 Qxd3 30. Rxd3 Ng3 31. Bxg3 fxg3 32. Rxf7 Rxf7
33. bxc6 bxc6 34. Rxg3 Rf4 35. Rg4 Rf7 36. h4 Rg7 37. Kh2 Kf7 38. Rg3 g4 39.
Ra3 Ke6 40. Ra6 Rc7 41. Kg3 Kf5 42. Ra8 Ke4 43. Kxg4 Kxd4 44. Re8 Kxc5 45.
Kh5 d4 46. e6 Kd5 47. Rd8+ Ke5 48. Rd7 Rc8 49. e7 Re8 50. Kxh6 c5 51. Kg7
Ke6 52. Rd8 Rxe7+ 53. Kg6 Rd7 54. Rxd7 Kxd7 55. h5 d3 56. h6 d2 57. h7 d1=Q
58. h8=Q Qg4+ 59. Kf7 Qe6+ 60. Kg7 Qe5+ 61. Kh7 Qxh8+ 62. Kxh8 Ke6 63. g4
Kf6 {White resigns} 0-1

[Event "ICC tourney 1904 (10 3)"]
[Site "Internet Chess Club"]
[Date "2020.07.05"]
[Round "5"]
[White "MGrei"]
[Black "krishghosh"]
[Result "1-0"]
[ICCResult "Black checkmated"]
[WhiteElo "1292"]
[BlackElo "1187"]
[Opening "Ruy Lopez: classical defense, 4.c3"]
[ECO "C64"]
[NIC "RL.01"]
[Time "14:25:17"]
[TimeControl "600+3"]

1. e4 e5 2. Nf3 Nc6 3. Bb5 Bc5 4. c3 Nge7 5. d4 exd4 6. cxd4 Bb4+ 7. Bd2 a6
8. Ba4 b5 9. Bb3 Bxd2+ 10. Qxd2 d6 11. O-O O-O 12. Nc3 Bg4 13. Bd1 Ng6 14.
h3 Bd7 15. Bc2 Re8 16. Rfe1 h6 17. Re2 Qf6 18. Rae1 Rad8 19. Nd5 Qe6 20.
Nxc7 Qxa2 21. Nxe8 Rxe8 22. b3 Qa5 23. Qxa5 Nxa5 24. d5 Rc8 25. b4 Nc4 26.
Bb3 Nce5 27. Nxe5 Nxe5 28. f4 Nc4 29. Rc2 f6 30. Rec1 Nb6 31. Rxc8+ Nxc8 32.
Ra1 Nb6 33. Rxa6 Nc4 34. Ra7 Be8 35. Bxc4 bxc4 36. Rc7 Bb5 37. Kf2 Kf8 38.
Ke2 Ke8 39. Rb7 Ba6 40. Rb6 Bc8 41. Rc6 Kd7 42. Rxc4 Ba6 43. Kd3 Bxc4+ 44.
Kxc4 Kc7 45. Kb5 Kb7 46. g3 g6 47. g4 h5 48. gxh5 gxh5 49. h4 Kc7 50. Ka6
Kc8 51. Ka7 Kc7 52. b5 f5 53. exf5 Kd7 54. b6 Ke7 55. b7 Kf6 56. b8=Q Kxf5
57. Qxd6 Ke4 58. Qh6 Kxd5 59. Qxh5+ Ke6 60. Qe5+ Kf7 61. Qd6 Kg7 62. Qe6 Kh7
63. Qg4 Kh6 64. Qg5+ Kh7 65. f5 Kh8 66. f6 Kh7 67. Qg7# {Black checkmated}
1-0